Mourne, chaotic male human Priest ---- |..| |-.-- |...| |..-- |.-- |.| |)| ---------- | ---%| --.%.....<..| `---.[I| |...--------- ........| ----.|.| ...@...-|--....|.| ...G|.G.--.....|.| .----...*.....|.| ---.....--|.| -.|..----.| .|..--|..| |...||..| --.------ -- Mourne the Adept Experience level: 7 Strength: 14 Dexterity: 16 Constitution: 12 Intelligence: 9 Wisdom: 18 Charisma: 9 Health: 0(43) Energy: 107(107) Def: 8 Gold: 96 Moves: 2968 Dungeon seed: Bol03Y7xGl4kNFN1 Game ID: Mourne_1520522460 Your Inventory: Coins $ - 96 gold pieces Weapons a - a blessed +1 mace (weapon in hand) Armor e - an uncursed +0 robe (being worn) n - an uncursed +0 small shield (being worn) q - an uncursed +0 dwarvish iron helm (being worn) r - an uncursed +0 magical mummy wrapping y - a blessed +1 pair of iron shoes (being worn) Comestibles c - an uncursed clove of garlic d - an uncursed sprig of wolfsbane E - 2 uncursed lembas wafers Scrolls k - 2 uncursed scrolls of enchant weapon o - an uncursed scroll of identify A - 2 uncursed scrolls of teleportation K - 2 uncursed scrolls of create monster T - 2 uncursed scrolls of blank paper Spellbooks s - an uncursed spellbook of cone of cold Potions b - 4 potions of holy water w - a cursed potion of full healing z - an uncursed potion of oil B - an uncursed potion of water D - an uncursed potion of booze Rings t - a cursed -1 ring of increase accuracy Wands N - an uncursed wand of speed monster (0:3) Tools h - an uncursed oil lamp (lit) (0:837) v - an uncursed +0 magical pick-axe H - an uncursed towel I - an uncursed magic marker (0:79) L - a blessed wax candle (0:400) Q - an uncursed +0 unicorn horn R - 2 blessed tallow candles (0:200) S - an uncursed figurine of a male barrow wight Spells and supernatural/magical abilities: Name Level Category Fail Memory h - healing 1 healing 0% 96% n - detect monsters 1 divination 0% 96% W - pray for help -- divine ? -- X - turn undead -- divine ? -- Your skills at the end: Fighting Skills wands [Basic] Weapon Skills mace [Skilled] Spellcasting Skills clerical spells [Basic] Final Attributes: You are dead. Vanquished creatures: a giant zombie a small mimic a human mummy a watchman a wolf 2 gnome kings 2 dwarf mummies an ogre a dog a dwarf lord a gray unicorn 2 human zombies 3 Uruk-hai a pony 2 yellow lights a violet fungus 9 gnome lords a kobold mummy a golden naga hatchling a straw golem a paper golem a kitten 13 dwarves 4 hill orcs a rothe a giant bat 5 orc zombies an iguana a coyote 2 gas spores 3 hobbits 2 brown molds a green mold a red mold 36 gnomes a gnome zombie 2 geckos 13 jackals 2 foxes a kobold a goblin a sewer rat 4 lichens a kobold zombie 2 newts 135 creatures vanquished. Voluntary challenges: You were an atheist. You used a wielded weapon 172 times, starting on turn 4. You read items or engraved 3 times, starting on turn 213. You never genocided any monsters. You never polymorphed an object. You never changed form. You used no wishes. You never split a pudding. You never wrote Elbereth's name. You never violated your personal moral code. Dungeon overview: The Dungeons of Doom: levels 1 to 2 Level 1 a fountain, a sink, a vault a long staircase Level 2 stairs to The Gnomish Mines The Gnomish Mines: levels 3 to 8 Level 3 stairs to The Dungeons of Doom Level 4 Level 5 Level 6 some shops, some fountains Level 7 Level 8 <- You were here History has recorded: On T:1 you entered the Dungeons of Doom to retrieve the Amulet of Yendor! On T:337 you advanced to experience level 2. On T:355 you reached level 2 of The Dungeons of Doom. On T:733 you reached level 1 of The Gnomish Mines. On T:787 you advanced to experience level 3. On T:847 you reached level 2 of The Gnomish Mines. On T:872 you advanced to experience level 4. On T:1042 you reached level 3 of The Gnomish Mines. On T:1048 you advanced to experience level 5. On T:1547 you reached level 4 of The Gnomish Mines. On T:1909 you reached level 5 of The Gnomish Mines. On T:1917 you advanced to experience level 6. On T:2444 you advanced to experience level 7. On T:2857 you reached level 6 of The Gnomish Mines. Score breakdown: Gold: 96 ( 6758 points) Experience: 7 levels (13645 points) Exploration: 8 levels ( 16.67%) (11577 points) Discoveries: 7 items ( 2.33%) ( 4582 points) Valuables value: (no points given unless you survive) Artifact value: 0 ( 0 points) Variety of kills: 45 monsters ( 11.84%) (10323 points) Turncount: 2968 turns ( -584 points) Survival: died (score multiplied by 80%) Total score: 37040 Latest messages: You hit the dwarf. The dwarf thrusts his dagger at you. The dwarf misses. You hear a distant zap. The magic missile hits the dwarf! The magic missile hits you! The magic missile bounces! The magic missile hits the large cat! You kill the dwarf! There are a few objects here. You hear a distant zap. The magic missile hits you! The magic missile bounces! You kill the gnome! The gnome zaps a platinum wand! The magic missile hits you! The magic missile bounces! The gnome zaps a wand of magic missile! The magic missile hits you! The magic missile bounces! The magic missile hits you! You die... Final status: Goodbye Mourne the Priest, killed by a magic missile... You died in The Gnomish Mines on dungeon level 8 with 37040 points, and 96 pieces of gold, after 2968 moves. You were level 7 with a maximum of 43 hit points when you died.